 Dungeon Crawl Stone Soup version 0.10.4 character file.

616 ANON1729 the Slinger (level 7, -11/44 HPs)
             Began as a Halfling Hunter on Dec 13, 2020.
             Mangled by Blork the orc
             ... wielding a -1,+0 orcish great mace
              (16 damage)
             ... on Level 5 of the Dungeon.
             The game lasted 00:12:25 (3207 turns).

ANON1729 the Slinger (Halfling Hunter)              Turns: 3207, Time: 00:12:26

HP -11/44        AC  6     Str 16      XL: 7   Next:  3%
MP   6/6         EV 15     Int 11      God:
Gold 240         SH  0     Dex 17      Spells:  0 memorised,  6 levels left

Res.Fire  : . . .   See Invis. : .   b - +0 sling
Res.Cold  : . . .   Warding    : . . d - +0 leather armour
Life Prot.: . . .   Conserve   : .   (no shield)
Res.Acid. : . . .   Res.Corr.  : .   (no helmet)
Res.Poison: .       Clarity    : +   (no cloak)
Res.Elec. : .       Spirit.Shd : .   (no gloves)
Sust.Abil.: . .     Stasis     : .   i - +2 pair of dwarf boots
Res.Mut.  : .       Ctrl.Telep.: .   C - amulet of clarity
Res.Rott. : .       Levitation : .   (no ring)
Saprovore : . . .   Ctrl.Flight: .   (no ring)

@: mighty, nauseated, slightly resistant to hostile enchantments, fairly
stealthy
A: mutation resistance 1, slow metabolism 1
a: no special abilities


You were on level 5 of the Dungeon.
You were very hungry.

You visited 1 branch of the dungeon, and saw 5 of its levels.

You collected 220 gold pieces.

Inventory:

Hand weapons
 a - a +0,+0 short sword
 b - a +0,+0 sling (weapon)
 g - a +1,+0 dwarven dagger (quivered)
Missiles
 e - 2 curare-tipped +0 needles
Armour
 d - a +0 leather armour (worn)
 i - a +2 pair of dwarven boots (worn)
 u - a +0 animal skin
Comestibles
 f - 4 bread rations
 r - 2 chunks of hobgoblin flesh
 w - an orange
 B - a pear
Scrolls
 j - a scroll of recharging {unknown}
 m - a scroll of blinking {unknown}
 p - a scroll of magic mapping {unknown}
 q - 3 scrolls of curse weapon
 s - a scroll of amnesia {unknown}
 v - a scroll of detect curse {unknown}
 x - 2 scrolls of teleportation {unknown}
 y - 2 scrolls of enchant weapon II {unknown}
 z - a scroll of curse armour {unknown}
Jewellery
 C - an amulet of clarity (around neck)
Potions
 k - a potion of poison {unknown}
 l - 2 potions of restore abilities
 n - a potion of agility {unknown}
 o - a potion of might
 A - a potion of degeneration {unknown}


   Skills:
 + Level 1.1 Fighting
 * Level 11.2 Slings
 + Level 1.1 Armour
 + Level 3.4 Dodging
 + Level 1.5 Stealth
 + Level 1.2 Traps & Doors


You had 6 spell levels left.
You didn't know any spells.

Dungeon Overview and Level Annotations

Branches:
Dungeon (5/27)             Temple (0/1) D:5

Altars:
Fedhas

Annotations
D:2 exclusion: oklob plant
D:5 Blork the orc


Innate Abilities, Weirdness & Mutations

You are small and have problems with some larger weapons.
You are somewhat resistant to further mutation.
You have a slow metabolism.


Message History

Press: ? - help, Shift-Dir - straight line, f/p - Blork the orc
Aim: Blork the orc, wielding an orcish great mace and wearing a runed orcish robe (moderately wounded, moving very quickly)
You shoot a +0 sling bullet. The +0 sling bullet hits Blork the orc.
Blork the orc is heavily wounded.
Blork the orc screams, "Die!"
Blork the orc misses you.
Firing (i - inventory. (,) - cycle):
t - 2 +0 sling bullets (quivered)
Press: ? - help, Shift-Dir - straight line, f/p - Blork the orc
Aim: Blork the orc, wielding an orcish great mace and wearing a runed orcish robe (heavily wounded, moving very quickly)
You shoot a +0 sling bullet. The +0 sling bullet hits Blork the orc.
Blork the orc is heavily wounded.
Blork the orc hits you with an orcish great mace.
* * * LOW HITPOINT WARNING * * *
Firing (i - inventory. (,) - cycle):
t - a +0 sling bullet (quivered)
Press: ? - help, Shift-Dir - straight line, f/p - Blork the orc
Aim: Blork the orc, wielding an orcish great mace and wearing a runed orcish robe (heavily wounded, moving very quickly)
You shoot a +0 sling bullet. The +0 sling bullet hits Blork the orc.
Blork the orc is heavily wounded.
Blork the orc hits you with an orcish great mace!
You die...

........(..(............
.........................
.......)..................
.......................((.
........).................
...................(.(.....
........##(##......(.....(
#.....#.#≈o≈##.#.......##.
##########@###.#########
#§>≈##.# ##.###.# ≈.≈ #.#
#.# #.# #.. ..# ### ###


You could see Blork the orc.

Vanquished Creatures
  Sigmund (D:4)
  A hound (D:5)
  An orc wizard (D:4)
  2 big fish (D:2)
  A worker ant (D:4)
  Ijyb (D:2)
  A jelly (D:5)
  Terence (D:2)
  2 adders (D:3)
  2 giant mites
  An iguana skeleton (D:4)
  3 giant geckos
  An ooze (D:4)
  8 orcs
  10 bats
  6 giant cockroaches
  6 goblins
  10 hobgoblins
  A jackal (D:4)
  7 kobolds
  A quokka (D:4)
  4 ball pythons
  7 giant newts
  8 rats
86 creatures vanquished.

Vanquished Creatures (others)
  A jackal (D:4)
  4 toadstools
5 creatures vanquished.

Grand Total: 91 creatures vanquished

Notes
Turn   | Place    | Note
--------------------------------------------------------------
     0 | D:1      | ANON1729, the Halfling Hunter, began the quest for the Orb.
     0 | D:1      | Reached XP level 1. HP: 14/14 MP: 0/0
   123 | D:1      | Reached skill level 6 in Slings
   188 | D:1      | Reached skill level 1 in Fighting
   235 | D:1      | Reached XP level 2. HP: 19/19 MP: 1/1
   538 | D:1      | Reached skill level 7 in Slings
   623 | D:1      | Reached XP level 3. HP: 24/24 MP: 2/2
   733 | D:2      | Noticed Terence
   743 | D:2      | Killed Terence
   745 | D:2      | Reached skill level 8 in Slings
   822 | D:2      | Noticed Ijyb
   828 | D:2      | Killed Ijyb
   828 | D:2      | Reached XP level 4. HP: 27/29 MP: 3/3
  1249 | D:2      | Found a blossoming altar of Fedhas.
  1289 | D:2      | Reached skill level 9 in Slings
  1289 | D:2      | Reached skill level 1 in Traps & Doors
  1290 | D:2      | Reached XP level 5. HP: 34/34 MP: 4/4
  1491 | D:2      | Noticed an oklob plant
  2389 | D:4      | Noticed Sigmund
  2460 | D:4      | Reached skill level 1 in Armour
  2671 | D:4      | Reached XP level 6. HP: 25/39 MP: 5/5
  2673 | D:4      | Reached skill level 10 in Slings
  2919 | D:4      | Killed Sigmund
  2996 | D:4      | Reached skill level 11 in Slings
  3146 | D:5      | Entered Level 5 of the Dungeon
  3155 | D:5      | Found a staircase to the Ecumenical Temple.
  3163 | D:5      | Noticed Blork the orc
  3197 | D:5      | Reached XP level 7. HP: 11/44 MP: 6/6
  3207 | D:5      | Mangled by Blork the orc
